 Dungeon Crawl Stone Soup version 0.30-a0-568-g124715a40b (webtiles) character file.

Game seed: 14535953232961730917

44517 lunkers the Warrior (level 15, -13/192 HPs)
             Began as a Meteoran Gladiator on Dec 9, 2022.
             Was the Champion of Jiyva.
             Mangled by a salamander
             ... wielding a +0 halberd
              (18 damage)
             ... on level 2 of the Snake Pit on Dec 29, 2022.
             The game lasted 00:31:45 (6743 turns).

lunkers the Warrior (Meteoran Gladiator)            Turns: 6743, Time: 00:31:46

Health: -13/192    AC: 14    Str: 30    XL:     15   Next: 8%
Magic:  16/16      EV: 36    Int: 14    God:    Jiyva [******]
Gold:   739        SH:  4    Dex: 21    Spells: 14/14 levels left

rFire   . . .      SeeInvis .    b - +9 hand axe of Jootreco {pain, Fly Str+3 Int+4}
rCold   . . .      Faith    .    A - +0 buckler
rNeg    . . .      Spirit   .    i - +3 leather armour
rPois   .          Reflect  .    c - +0 helmet
rElec   .          Harm     .    M - +0 cloak
rCorr   +          Rampage  .    (no gloves)
Will    ++...                    (boots unavailable)
Stlth   +                        E - amulet of the acrobat
HPRegen 2.12/turn                f - +6 ring of strength
MPRegen 0.65/turn                k - ring of willpower

@: acrobatic, flying, glowing
A: sense surroundings 2, otherworldly, glowing, explore regen, talons 3,
iridescent scales 2, thin skeletal structure 1, robust 3, jelly sensing items,
jelly absorbing missiles, sturdy frame 1, engulf
a: Renounce Religion, Oozemancy, Slimify


You were on level 2 of the Snake Pit.
You worshipped Jiyva.
Jiyva was exalted by your worship.
You visited 3 branches of the dungeon, and saw 17 of its levels.

You collected 739 gold pieces.

Inventory:

Hand Weapons
 a - a +1 war axe
 b - the +9 hand axe of Jootreco (weapon) {pain, Fly Str+3 Int+4}
   (You took it off an orc priest on level 7 of the Dungeon)

   In the hands of one skilled in necromantic magic, it inflicts extra damage on
   living creatures.
   Str:       It affects your strength (+3).
   Int:       It affects your intelligence (+4).
   Fly:       It grants you flight.
 r - a +0 battleaxe
 s - a +3 flail
 v - a +0 broad axe of distortion
Missiles
 d - 3 throwing nets
 e - a javelin
Armour
 c - a +0 helmet (worn)
 i - a +3 leather armour (worn)
 t - a +0 plate armour
 w - +0 steam dragon scales
 A - a +0 buckler (worn)
 F - a +0 scale mail of cold resistance
 M - a +0 cloak (worn)
Jewellery
 f - a +6 ring of strength (left hand)
 k - a ring of willpower (right hand)
 E - an amulet of the acrobat (around neck)
 L - a ring of protection from fire
Wands
 y - a wand of paralysis (18)
 G - a wand of digging (5)
 I - a wand of polymorph (2)
Scrolls
 l - a scroll of fear
 o - a scroll of butterflies
 p - 2 scrolls of magic mapping
 q - 2 scrolls of blinking
 u - 3 scrolls of teleportation
Potions
 g - 2 potions of invisibility
 h - a potion of heal wounds
 j - 3 potions of haste
 m - a potion of degeneration {unknown}
 n - 5 potions of curing
 x - a potion of cancellation
 z - 2 potions of magic {unknown}
 B - 2 potions of lignification {unknown}
 C - a potion of mutation {unknown}
 D - a potion of brilliance {unknown}
 H - 2 potions of ambrosia
 J - a potion of flight {unknown}
 K - 2 potions of attraction {unknown}


   Skills:
 + Level 17.7 Fighting
 - Level 14.4 Axes
 - Level 2.4 Throwing
 - Level 10.0 Armour
 * Level 12.3 Dodging
 - Level 7.0 Evocations


You had 14 spell levels left.
You didn't know any spells.
Your spell library contained the following spells:

 Spells                   Type           Power      Damage    Failure   Level
 Sting                    Tmut/Pois      0%         1d3       38%         1
 Poisonous Vapours        Pois/Air       0%         N/A       52%         2
 Olgreb's Toxic Radiance  Pois           0%         N/A       99%         4


Dungeon Overview and Level Annotations

Branches:
Dungeon (10/15) Zot: 1950  Temple (0/1) D:4            Lair (5/5) D:10 Zot: 1040
 Shoals (0/4) Lair:2        Snake (2/4) Lair:3 Zot: 748   Slime (0/5) Lair:5
    Orc: D:9-12

Altars:
Cheibriados
Elyvilon
Fedhas
Nemelex Xobeh
Okawaru
Qazlal
Xom
Yredelemnul
Zin
Jiyva


Innate Abilities, Weirdness & Mutations

You passively map the area around you.
You are easily found by Zot.
You glow in the dark.
You regain HP and MP as you explore.
You have claws for feet.
You are mostly covered in iridescent scales. (AC +4)
You have a somewhat thin skeletal structure. (Dex +2, Stealth+)
You are extremely robust. (+30% HP)
You have a small jelly attached to you that senses nearby items.
You have a small jelly attached to you that may absorb projectiles.
Your movements are slightly less encumbered by armour. (ER -2)
Your melee attacks may engulf your foes in ooze.


Message History

The naga warrior roars a battlecry!
The nagas go into a battle-frenzy!
The salamander hits you with a +0 halberd.
* * * LOW HITPOINT WARNING * * *
You are engulfed in flames!
* * * LOW HITPOINT WARNING * * *
You block the salamander's attack.
Unknown command.
The salamander hits you from afar with a +0 halberd!
* * * LOW HITPOINT WARNING * * *
You are engulfed in flames!
* * * LOW HITPOINT WARNING * * *
The salamander barely misses you.
The salamander mystic hits you with a +0 quarterstaff!
* * * LOW HITPOINT WARNING * * *
You are engulfed in flames!
* * * LOW HITPOINT WARNING * * *
The naga warrior roars a battlecry!
The naga warrior goes into a battle-frenzy!
The salamander mystic misses you.
The salamander hits you from afar with a +0 halberd!
* * * LOW HITPOINT WARNING * * *
You are engulfed in flames!
* * * LOW HITPOINT WARNING * * *
You slash the salamander mystic!
You engulf the salamander mystic in ooze!
You claw the salamander mystic!
The salamander mystic is heavily wounded.
You slash the salamander mystic!
The salamander mystic is asphyxiated!
The salamander completely misses you.
The salamander mystic is no longer engulfed.
The salamander misses you. The salamander barely misses you.
Unknown command.
The salamander mystic completely misses you.
The salamander hits you from afar with a +0 trident!
* * * LOW HITPOINT WARNING * * *
You are engulfed in flames!
* * * LOW HITPOINT WARNING * * *
The salamander hits you with a +0 halberd!!
You die...

* .......
.##.....## ,
......... *
##...##
,.........
##...## * ,
,.........*
#...## , ,
........####...#
,
,.........##...##
*
,.............##
.......N.....#
**,.......@N...##
, **.......)NN.##
* , *
.....N....## ,
#........##
##.NN...## ,
#....### #...# ,,
...# * ,*


You could see 2 naga warriors, 2 salamander mystics, 2 salamanders and a naga
(strong).

Vanquished Creatures
  A black draconian (Lair:4)
  3 death yaks
  A boulder beetle (Lair:3)
  An anaconda (Snake:2)
  2 naga warriors
  A shock serpent (Snake:2)
  A naga ritualist (Snake:2)
  Pikel (D:7)
  4 salamanders
  5 mana vipers (Snake:2)
  A wolf spider (Lair:5)
  15 elephants
  10 black mambas
  Joseph (D:7)
  2 guardian serpents
  2 naga magi
  15 cane toads
  Maggie (D:7)
  6 komodo dragons
  3 trolls
  3 hornets
  16 blink frogs
  A shadow (D:10)
  6 spriggans (Lair:5)
  8 wyverns
  29 yaks
  3 redbacks (Lair:5)
  3 basilisks
  7 nagas
  An acid dragon (D:10)
  20 water moccasins
  2 ice beasts
  A sky beast (D:7)
  3 black bears
  4 centaurs (D:7)
  5 wolves (Lair:3)
  A lemure (D:7)
  A phantom (D:5)
  3 kobold brigands
  5 bullfrogs
  A necrophage (D:6)
  A scorpion (Lair:2)
  5 wights (D:6)
  6 howler monkeys
  An electric eel (D:7)
  A lava snake (Snake:1)
  2 orc priests
  A hound (D:5)
  2 iguanas (D:5)
  9 orc wizards
  5 adders
  2 gnolls (D:5)
  2 ufetubi
  3 worms
  2 dart slugs
  25 orcs
  4 ball pythons
  2 bats (D:2)
  3 endoplasms (D:1)
  3 giant cockroaches
  7 goblins
  2 hobgoblins
  17 kobolds
  3 quokkas
  5 rats
312 creatures vanquished.

Vanquished Creatures (collateral kills)
  2 tengu warriors (D:9)
  A komodo dragon (D:8)
  A water moccasin (D:10)
  An orc warrior (D:6)
  An orc priest (D:6)
6 creatures vanquished.

Vanquished Creatures (others)
  2 bullfrogs
  35 jellies
  A hound (D:3)
  An iguana (Lair:5)
  An orc wizard (D:7)
  A gnoll (D:5)
  A white imp (D:6)
  7 orcs
  A ball python (D:1)
  3 endoplasms
  2 hobgoblins
  3 bats (D:1)
  A frilled lizard (D:3)
  A rat (D:3)
  59 fungi
  134 plants
253 creatures vanquished.

Grand Total: 571 creatures vanquished

Notes
Turn   | Place    | Note
-------+----------+-------------------------------------------
     0 | D:1      | lunkers the Meteoran Gladiator began the quest for the Orb.
     0 | D:1      | Reached XP level 1. HP: 17/17 MP: 2/2
    23 | D:1      | Reached XP level 2. HP: 5/24 MP: 3/3
   223 | D:1      | Reached XP level 3. HP: 8/29 MP: 4/4
   268 | D:1      | Found a faded altar of an unknown god.
   290 | D:1      | Prayed at the altar of an unknown god.
   290 | D:1      | Became a worshipper of Jiyva Johugef the Shapeless
   290 | D:1      | Reached * piety under Jiyva
   413 | D:2      | Reached skill level 5 in Axes
   539 | D:2      | Reached XP level 4. HP: 36/36 MP: 5/5
   883 | D:2      | Reached ** piety under Jiyva
   953 | D:3      | Found a blossoming altar of Fedhas.
  1083 | D:3      | Found a snail-covered altar of Cheibriados.
  1166 | D:3      | Reached *** piety under Jiyva
  1166 | D:3      | Found an iron altar of Okawaru.
  1227 | D:3      | Gained mutation: Your natural rate of healing is unusually
                  | fast. [Jiyva's grace]
  1227 | D:3      | Gained mutation: You heal very quickly. [Jiyva's grace]
  1227 | D:3      | Gained mutation: You regenerate. [Jiyva's grace]
  1227 | D:3      | Gained mutation: You have a small jelly attached to you
                  | that may absorb projectiles. [Jiyva's grace]
  1630 | D:4      | Reached **** piety under Jiyva
  1703 | D:4      | Reached XP level 5. HP: 41/41 MP: 6/6
  2033 | D:4      | Found a staircase to the Ecumenical Temple.
  2076 | D:5      | Entered Level 5 of the Dungeon
  2076 | D:5      | Noticed a phantom
  2088 | D:5      | Killed a phantom
  2089 | D:5      | Reached XP level 6. HP: 48/48 MP: 7/7
  2219 | D:5      | Noticed a black bear
  2225 | D:5      | Killed a black bear
  2302 | D:5      | Reached XP level 7. HP: 55/55 MP: 8/8
  2362 | D:5      | Lost mutation: You regenerate. [Jiyva's grace]
  2362 | D:5      | Gained mutation: You have a pair of small horns on your
                  | head. [Jiyva's grace]
  2362 | D:5      | Gained mutation: You have a pair of horns on your head.
                  | [Jiyva's grace]
  2362 | D:5      | Gained mutation: You have a pair of large horns on your
                  | head. [Jiyva's grace]
  2362 | D:5      | Gained mutation: You have a somewhat thin skeletal
                  | structure. (Dex +2, Stealth+) [Jiyva's grace]
  2402 | D:5      | Reached ***** piety under Jiyva
  2664 | D:6      | Reached skill level 10 in Axes
  2664 | D:6      | Reached XP level 8. HP: 55/61 MP: 9/9
  2727 | D:6      | Found a basalt altar of Yredelemnul.
  2728 | D:6      | Found a glowing silver altar of Zin.
  2729 | D:6      | Found a shimmering altar of Xom.
  2752 | D:6      | Found a stormy altar of Qazlal.
  2781 | D:6      | Noticed a wyvern
  2798 | D:6      | Killed a wyvern
  2801 | D:6      | Gained mutation: You passively map the area around you.
                  | [Meteoran growth]
  2801 | D:6      | Reached XP level 9. HP: 32/67 MP: 10/10
  2873 | D:7      | Noticed Maggie
  2885 | D:7      | Killed Maggie
  2906 | D:7      | Noticed Pikel
  2914 | D:7      | Killed Pikel
  2963 | D:7      | Reached skill level 3 in Fighting
  3026 | D:7      | Identified the +9 hand axe of Jootreco {pain, Fly Str+3
                  | Int+4}
  3061 | D:7      | Reached skill level 1 in Armour
  3061 | D:7      | Reached XP level 10. HP: 77/77 MP: 11/11
  3120 | D:7      | Reached skill level 4 in Fighting
  3223 | D:7      | Noticed Joseph
  3233 | D:7      | Killed Joseph
  3290 | D:8      | Noticed a komodo dragon
  3300 | D:8      | Killed a komodo dragon
  3301 | D:8      | Reached skill level 5 in Dodging
  3307 | D:8      | Found a white marble altar of Elyvilon.
  3432 | D:8      | Reached skill level 5 in Fighting
  3509 | D:8      | Reached skill level 5 in Armour
  3519 | D:8      | Reached skill level 6 in Fighting
  3532 | D:8      | Reached XP level 11. HP: 91/91 MP: 12/12
  3719 | D:9      | Lost mutation: You have a pair of large horns on your head.
                  | [Jiyva's grace]
  3719 | D:9      | Lost mutation: You have a pair of horns on your head.
                  | [Jiyva's grace]
  3719 | D:9      | Gained mutation: You are partially covered in iridescent
                  | scales. (AC +2) [Jiyva's grace]
  3719 | D:9      | Gained mutation: You are mostly covered in iridescent
                  | scales. (AC +4) [Jiyva's grace]
  3719 | D:9      | Gained mutation: You are completely covered in iridescent
                  | scales. (AC +6) [Jiyva's grace]
  3719 | D:9      | Gained mutation: Your movements are slightly less
                  | encumbered by armour. (ER -2) [Jiyva's grace]
  3744 | D:9      | Reached ****** piety under Jiyva
  3812 | D:9      | Reached skill level 7 in Fighting
  3911 | D:9      | Noticed a tengu warrior
  3912 | D:9      | Noticed a tengu warrior
  3937 | D:9      | Killed a tengu warrior
  3940 | D:9      | Killed a tengu warrior
  3941 | D:9      | Reached skill level 8 in Fighting
  3985 | D:10     | Entered Level 10 of the Dungeon
  4021 | D:10     | Found a sparkling altar of Nemelex Xobeh.
  4047 | D:10     | Found a staircase to the Lair.
  4081 | Lair:1   | Entered Level 1 of the Lair of Beasts
  4105 | Lair:1   | Reached XP level 12. HP: 101/103 MP: 13/13
  4196 | Lair:1   | Reached skill level 5 in Evocations
  4287 | Lair:2   | Reached skill level 9 in Fighting
  4294 | Lair:2   | Reached skill level 10 in Dodging
  4507 | Lair:3   | Found a staircase to the Snake Pit.
  4555 | Lair:3   | Noticed a death yak
  4555 | Lair:3   | Noticed a death yak
  4556 | Lair:3   | Noticed a death yak
  4558 | Lair:3   | Noticed a boulder beetle
  4579 | Lair:3   | Killed a death yak
  4580 | Lair:3   | Reached skill level 10 in Fighting
  4580 | Lair:3   | Reached skill level 10 in Armour
  4582 | Lair:3   | Killed a death yak
  4612 | Lair:2   | Killed a death yak
  4613 | Lair:2   | Reached XP level 13. HP: 90/114 MP: 14/14
  4673 | Lair:3   | Killed a boulder beetle
  4674 | Lair:3   | Reached skill level 11 in Fighting
  4741 | Lair:3   | Reached skill level 12 in Fighting
  4889 | Lair:4   | Lost mutation: You have a pair of small horns on your head.
                  | [Jiyva's grace]
  4889 | Lair:4   | Gained mutation: You have a small jelly attached to you
                  | that senses nearby items. [Jiyva's grace]
  4889 | Lair:4   | Gained mutation: You are robust. (+10% HP) [Jiyva's grace]
  4889 | Lair:4   | Gained mutation: You are very robust. (+20% HP) [Jiyva's
                  | grace]
  4889 | Lair:4   | Gained mutation: You are extremely robust. (+30% HP)
                  | [Jiyva's grace]
  4957 | Lair:5   | Entered Level 5 of the Lair of Beasts
  4998 | Lair:5   | Reached skill level 13 in Fighting
  5077 | Lair:5   | Reached skill level 14 in Fighting
  5283 | Lair:5   | Found a viscous altar of Jiyva.
  5283 | Lair:5   | Found a staircase to the Slime Pits.
  5317 | Lair:5   | Reached skill level 15 in Fighting
  5364 | Lair:5   | Reached XP level 14. HP: 171/175 MP: 15/15
  5463 | Lair:5   | Reached skill level 16 in Fighting
  5747 | Lair:4   | a seven-headed hydra changed into a black draconian
  5747 | Lair:4   | Noticed a black draconian
  5758 | Lair:4   | Killed a black draconian
  6070 | Lair:3   | Reached skill level 17 in Fighting
  6086 | Snake:1  | Entered Level 1 of the Snake Pit
  6690 | Snake:2  | Lost mutation: You are completely covered in iridescent
                  | scales. (AC +6) [Jiyva's grace]
  6690 | Snake:2  | Lost mutation: You heal very quickly. [Jiyva's grace]
  6690 | Snake:2  | Lost mutation: Your natural rate of healing is unusually
                  | fast. [Jiyva's grace]
  6690 | Snake:2  | Gained mutation: Your melee attacks may engulf your foes in
                  | ooze. [Jiyva's grace]
  6690 | Snake:2  | Gained mutation: You have sharp toenails. [Jiyva's grace]
  6690 | Snake:2  | Gained mutation: You have razor-sharp toenails. [Jiyva's
                  | grace]
  6690 | Snake:2  | Gained mutation: You have claws for feet. [Jiyva's grace]
  6700 | Snake:2  | Reached XP level 15. HP: 91/192 MP: 1/16
  6703 | Snake:2  | Upgraded the game from 0.30-a0-424-g7412bad402 to
                  | 0.30-a0-568-g124715a40b
  6743 | Snake:2  | HP: 5/192 [salamander/+0 trident (13)]
  6743 | Snake:2  | Mangled by a salamander

Illustrated notes

Levels and vault maps discovered:
D:1:      heliophobic_arrival_ceremonial_halls, layout_loops_ring,
          dreamdust_ecumenical_altar_grove
D:2:      layout_loops_corners, serial_aquarium, aquarium_bridge_long_joined
          [aquarium_subvault_window, aquarium_subvault_bridge,
          aquarium_subvault_wall, aquarium_subvault_bridge,
          aquarium_subvault_wall, aquarium_subvault_window],
          aquarium_bridge_island_small [aquarium_subvault_small_water,
          aquarium_subvault_wall, aquarium_subvault_wall,
          aquarium_subvault_wall, aquarium_subvault_bridge], aquarium_window_1,
          aquarium_window_1, aquarium_window_fake, aquarium_window_fake,
          aquarium_view_2d, aquarium_view_2c, aquarium_pool_2
D:3:      cheibrodos_old_hovel, layout_basic, fedhas_altar_3,
          mainiacjoe_overflow_catwalk, okawaru_gym_becter
D:4:      layout_layer_cave, led_sif_pool, temple_green
D:5:      layout_loops_ring
D:6:      layout_basic, mainiacjoe_overflow_cross_hatched,
          grunt_temple_overflow_open, serial_glass, glass_columns_a,
          glass_columns_a, minmay_misc_feat_enclosed, pf_guarded_unrand_meek
D:7:      layout_loops_ring, serial_bayou_pond_b,
          minmay_a_box_with_orc_wizards_in_it, uniq_maggie, uniq_pikel,
          uniq_joseph, uniq_crazy_yiuf_cottage
D:8:      layout_rooms, mainiacjoe_overflow_tiny_flanked
D:9:      layout_irregular_city
D:10:     layout_gridville, nemelex_xobeh_ov_fountains_minmay,
          due_lair_maze_entry_diamond
Lair:1:   lemuel_slime, layout_gridlike
Lair:2:   layout_cave_pods, minmay_shoals_entry_beasts, grunt_megastairs_3
Lair:3:   layout_cave_pods, minmay_snake_entry_guardpost_small, pf_torpor_hydra,
          lemuel_fruit_tree, serial_bayou_shore_a, grunt_megastairs_5,
          infiniplex_staircase_pool, serial_bayou_shore_b
Lair:4:   layout_small_grid
Lair:5:   guppyfry_lair_end_dragon, layout_regular_city,
          hangedman_lair_tendril_chambers, slime_entry_1, wad_woods_01
Snake:1:  layout_basic, grunt_ministairs_11
Snake:2:  layout_onion, uniq_donald

Skill      XL: |  1  2  3  4  5  6  7  8  9 10 11 12 13 14 |
---------------+-------------------------------------------+-----
Axes           | 4 5 6 7 8 10 12 14 | 14.4
Fighting       | 3 6 8 10 15 17 | 17.7
Armour         | 1 5 8 10 | 10.0
Dodging        | 7 9 10 12 | 12.3
Evocations     | 4 7 |  7.0
Throwing       | |  2.4

Action                   |  1- 3 |  4- 6 |  7- 9 | 10-12 | 13-15 || total
-------------------------+-------+-------+-------+-------+-------++-------
Melee: War axe           |    67 |    88 |   104 |       |       ||   259
       Punch             |     1 |       |       |       |       ||     1
       Headbutt          |       |       |    23 |    75 |    28 ||   126
       Battleaxe         |       |       |    38 |       |       ||    38
       Hand axe          |       |       |     5 |   318 |   601 ||   924
       Kick              |       |       |       |       |     9 ||     9
Invok: Oozemancy         |       |       |     1 |       |       ||     1
       Slimify           |       |       |       |       |     1 ||     1
Evoke: Wand              |       |       |       |     2 |     3 ||     5
  Use: Scroll            |       |     4 |     2 |    10 |     1 ||    17
 Stab: Sleeping          |       |       |       |     1 |       ||     1
       Distracted        |       |       |       |       |     1 ||     1
Armor: Leather armour    |    19 |    43 |    36 |    80 |   144 ||   322
       Skin              |     1 |       |       |       |       ||     1
Dodge: Dodged            |    30 |    52 |    74 |   174 |   353 ||   683
Block: Buckler           |       |       |       |    49 |    84 ||   133

Table legend: (Time is in decaauts)
 A = Elapsed time spent in this place.
 B = Non-inter-level travel time spent in this place.
 C = Inter-level travel time spent in this place.
 D = Time resting spent in this place.
 E = Time spent auto-exploring this place.
 F = Levels seen in this place.
 G = Mean time per level.
                   A        B        C        D        E       F      G
               +--------+--------+--------+--------+--------+-----+--------+
         Total |   6459 |   6322 |    137 |      0 |   3662 |  17 |  379.9 |
       Dungeon |   4050 |   4015 |     35 |      0 |   2881 |  10 |  405.0 |
          Lair |   1959 |   1857 |    102 |      0 |    675 |   5 |  391.8 |
     Snake Pit |    450 |    450 |      0 |      0 |    106 |   2 |  225.0 |
               +--------+--------+--------+--------+--------+-----+--------+

Top non-repeatable levels by time:
     D:3: 698 daAuts
  Lair:5: 586 daAuts
  Lair:4: 580 daAuts
     D:2: 549 daAuts
     D:4: 452 daAuts
     D:5: 423 daAuts
     D:9: 411 daAuts
     D:1: 404 daAuts
  Lair:3: 398 daAuts
     D:6: 375 daAuts
     D:7: 367 daAuts
 Snake:1: 333 daAuts
     D:8: 280 daAuts
  Lair:2: 269 daAuts
  Lair:1: 123 daAuts
